 Dungeon Crawl Stone Soup version 0.28.0-1-gb440e238dd (webtiles) character file.

Game seed: 14842259866218771945

6931 zeram the Spear-Bearer (level 11, -3/67 HPs)
             Began as a Gargoyle Fighter on Feb 20, 2022.
             Was an Initiate of Yredelemnul.
             Slain by an ogre (19 damage)
             ... on level 9 of the Dungeon.
             The game lasted 00:17:21 (10614 turns).

zeram the Spear-Bearer (Gargoyle Fighter)          Turns: 10614, Time: 00:17:23

Health: -3/67      AC: 24    Str: 26    XL:     11   Next: 7%
Magic:  11/11      EV:  8    Int:  9    God:    Yredelemnul [......]
Gold:   0          SH: 11    Dex:  9    Spells: 10/10 levels left

rFire   . . .      SeeInvis .   g - +11 spear "Cuifashyc" {venom, *Slow rPois rN+++ Stlth+}
rCold   . . .      Faith    .   c - +1 buckler
rNeg    + + +      Spirit   .   D - +0 plate armour
rPois   ∞          Reflect  +   (no helmet)
rElec   +          Harm     .   d - +1 cloak
rCorr   .          Rampage  .   (no gloves)
Will    .....                   (no boots)
Stlth   ..........              G - amulet "Pouveff" {Reflect *Slow rElec rN+ Str+2 SH+5}
HPRegen 0.21/turn               m - ring of positive energy
MPRegen 0.12/turn               (no ring)

@: about to teleport
A: sickness immunity, AC +8, negative energy resistance 1, electricity
resistance, torment resistance 1, petrification resistance
a: Renounce Religion, Recall Undead Harvest


You were on level 9 of the Dungeon.
You worshipped Yredelemnul.
Yredelemnul was noncommittal.
You visited 3 branches of the dungeon, and saw 11 of its levels.
You also visited: Sewer.

You collected 561 gold pieces.
You spent 561 gold pieces at shops.

Inventory:

Hand Weapons
 a - a +1 flail of protection
 g - the +11 spear "Cuifashyc" (weapon) {venom, *Slow rPois rN+++ Stlth+}
   (You found it on level 2 of the Dungeon)

   It poisons the flesh of those it strikes.
   rPois:     It protects you from poison.
   rN:        It renders you almost immune to negative energy.
   *Slow:     It may slow you when you take damage.
   Stlth:     It makes you more stealthy.
Missiles
 k - 32 poisoned darts (quivered)
 q - 4 throwing nets
Armour
 b - a +0 scale mail
 c - a +1 buckler (worn)
 d - a +1 cloak (worn)
 x - +0 steam dragon scales
 D - a +0 plate armour (worn)
Jewellery
 m - a ring of positive energy (left hand)
 t - an amulet of guardian spirit
 E - a ring of wizardry
 G - the amulet "Pouveff" (around neck) {Reflect *Slow rElec rN+ Str+2 SH+5}
   (You bought it in a shop on level 2 of the Dungeon)

   [amulet of reflection]

   It reflects blocked missile attacks.
   Str:       It affects your strength (+2).
   rElec:     It insulates you from electricity.
   rN:        It protects you from negative energy.
   *Slow:     It may slow you when you take damage.
   SH:        It affects your SH (+5).
Wands
 i - a wand of charming (6)
 s - a wand of mindburst (6)
 y - a wand of iceblast (11)
 z - a wand of flame (22)
 A - a wand of digging (7)
 C - a wand of polymorph (3)
Scrolls
 f - 2 scrolls of enchant weapon
 n - 2 scrolls of teleportation
Potions
 e - a potion of haste
 h - 2 potions of resistance
 j - 2 potions of curing {unknown}
 l - 2 potions of lignification {unknown}
 o - a potion of heal wounds {unknown}
 p - 3 potions of flight {unknown}
 r - a potion of magic {unknown}
 u - a potion of brilliance {unknown}
 v - a potion of mutation {unknown}
 w - a potion of cancellation {unknown}
 B - a potion of might
 F - a potion of attraction {unknown}


   Skills:
 + Level 7.5 Fighting
 - Level 2.7 Maces & Flails
 + Level 10.1 Polearms
 + Level 8.6 Armour
 + Level 4.1 Dodging
 + Level 7.1 Shields
 + Level 0.9 Invocations
 + Level 0.4 Evocations


You had 10 spell levels left.
You didn't know any spells.
Your spell library contained the following spells:

 Spells                   Type           Power      Damage    Failure   Level
 Sandblast                Erth           0%         2d4       99%         1
 Passwall                 Tmut/Erth      0%         N/A       100%        2
 Dazzling Flash           Conj/Hex       0%         N/A       100%        3
 Stone Arrow              Conj/Erth      0%         3d7       100%        3
 Iskenderun's Mystic Bla  Conj/Tloc      0%         2d3       100%        4
 Leda's Liquefaction      Hex/Erth       0%         N/A       100%        4
 Lee's Rapid Deconstruct  Erth           0%         3d5*      100%        5
 Starburst                Conj/Fire      0%         6d3       100%        6
 Statue Form              Tmut/Erth      Unusable   N/A       N/A         6

Dungeon Overview and Level Annotations

Branches:
Dungeon (9/15)             Temple (1/1) D:4            Lair (0/6) D:9
    Orc (1/2) D:9           Sewer (visited)

Altars:
Ashenzari
Cheibriados
Dithmenos
Elyvilon
Fedhas
Gozag
Hepliaklqana
Kikubaaqudgha
Makhleb
Nemelex Xobeh
Qazlal
Ru
Sif Muna
Trog
Uskayaw
Vehumet
Wu Jian
Xom
Yredelemnul
Zin
The Shining One
Beogh

Shops:
D:2 =*   D:7 (


Innate Abilities, Weirdness & Mutations

You are immune to sickness and miasma.
Your stone body is resilient. (AC +8)
You are immune to poison.
You resist negative energy. (rN+)
You are resistant to electric shocks. (rElec)
You are resistant to unholy torment.
You are immune to petrification.


Message History

The warg is almost dead.
The warg bites you but does no damage. You block the warg's attack.
Your orc wizard zombie barely misses the warg.
You puncture the warg!
You kill the warg!
A black mist starts to gather...
You feel yourself speed up.
There is a staircase to the Orcish Mines here.
You start resting.
HP restored.
You climb downwards.
Welcome back to the Orcish Mines!
Your mindless puppets stay behind to rot.
You block the orc knight's attack. The ogre barely misses you.
The orc hits you but does no damage.
The orc knight hits you but does no damage.
The orc warrior hits you with a +0 war axe.
There is a staircase back to the Dungeon here.
You block the orc's attack. The orc hits you but does no damage.
The ogre hits you but does no damage.
The orc knight roars a battlecry!
The orcs go into a battle-frenzy!
The orc warrior hits you with a +0 war axe!!
You climb upwards.
Welcome back to the Dungeon!
Your warg zombie crumbles into dust!
Your orc wizard zombie crumbles into dust!
There is a staircase to the Orcish Mines here.
You block the orc's attack. The orc knight completely misses you.
The orc warrior hits you with a +0 war axe!
Things that are here:
a +0 robe; a +0 dagger The orc knight hits you with a +0 battleaxe!!
* * * LOW HITPOINT WARNING * * *
The ogre hits you but does no damage.
As you read the scroll of teleportation, it crumbles to dust.
You feel strangely unstable. You block the orc's attack.
The orc closely misses you. The orc barely misses you.
The orc knight completely misses you.
The ogre hits you with a +0 giant spiked club!!
You die...
Your body rises from the dead as a mindless zombie.

≈≈...≈≈≈..##.#######.....#
≈....≈≈≈..##.#.....#...>.#
......≈...##.8.....#.....########
≈.>.≈.≈≈..#..'.....#............#
≈....≈≈≈..#..8..⌠..#............#
.≈.≈.≈≈≈≈.#..#.....#....#########
≈≈≈≈≈≈≈......#.....#....#
≈≈≈≈≈≈≈...)..#8ooo>#....#
≈≈≈.≈.≈≈..)..#..@oo#.<..#
Z.≈≈......[..#...O.#....#
.≈.≈....≈[#[.8..⌠..#....#
Z≈.....)..#..[.....###..#########
.......)..##.8.....# #..........#
.....(....##.#.....# #..........#
.........))..####### #..........#
..................# #....#######
..................# #....#


You could see an orc knight, an orc warrior (strong), an ogre and 3 orcs.

Vanquished Creatures
  Harold (D:7)
  A two-headed ogre (D:6)
  Pikel (D:7)
  Maggie (D:8)
  A troll (D:9)
  A warg (D:9)
  Edmund (D:5)
  A water moccasin (D:3)
  8 orc warriors
  4 ogres
  2 centaurs (D:8)
  3 lemures
  6 kobold brigands
  2 wyvern zombies
  A gnoll sergeant (D:9)
  2 bullfrogs
  3 scorpions
  2 water moccasin zombies
  4 wights (D:7)
  4 howler monkeys
  A centaur zombie (D:5)
  9 orc priests
  3 hounds
  A jelly (D:6)
  Crazy Yiuf (D:2)
  8 orc wizards
  An iguana (D:5)
  A killer bee zombie (D:6)
  A hound zombie (D:5)
  10 gnolls
  A howler monkey zombie (D:9)
  8 adders
  3 river rats (Sewer)
  A shadow imp (D:7)
  2 white imps
  An ufetubus (D:5)
  7 worms
  5 dart slugs
  35 orcs
  7 endoplasms
  A giant cockroach (D:4)
  7 goblins
  9 hobgoblins
  4 jackals (D:3)
  2 quokkas
  14 ball pythons
  8 bats
  4 frilled lizards (D:2)
  16 kobolds
  7 rats
227 creatures vanquished.

Vanquished Creatures (collateral kills)
  A steam dragon (D:8)
  2 wolves (D:9)
  A water moccasin skeleton (D:5)
  4 howler monkeys (D:9)
  An electric eel (D:9)
  2 orc priests (D:9)
  5 hounds (D:9)
  2 gnolls (D:9)
  2 orcs (D:9)
20 creatures vanquished.

Vanquished Creatures (others)
  A lemure (D:8)
  A troll zombie (D:9)
  2 hound zombies (D:9)
  2 howler monkey zombies (D:9)
  15 orc zombies
  A dart slug zombie (D:5)
  4 gnoll zombies
  3 kobold zombies (D:9)
29 creatures vanquished.

Grand Total: 276 creatures vanquished

Notes
Turn   | Place    | Note
-------+----------+-------------------------------------------
     0 | D:1      | zeram the Gargoyle Fighter began the quest for the Orb.
     0 | D:1      | Reached XP level 1. HP: 14/14 MP: 1/1
   218 | D:1      | Reached XP level 2. HP: 19/19 MP: 2/2
   630 | D:1      | Reached XP level 3. HP: 22/23 MP: 3/3
   721 | D:1      | Found a faded altar of an unknown god.
  1314 | D:2      | Found Ryngorche's General Store.
  1534 | D:2      | Found Ragut's Jewellery Boutique.
  1668 | D:2      | Found a runed translucent door.
  1669 | D:2      | Noticed Crazy Yiuf
  1758 | D:2      | Identified the +11 spear "Cuifashyc" {venom, *Slow rPois
                  | rN+++ Stlth+}
  1874 | D:2      | Reached XP level 4. HP: 28/28 MP: 4/4
  2107 | D:2      | Killed Crazy Yiuf
  2172 | D:3      | Reached skill level 1 in Polearms
  2241 | D:3      | Noticed a water moccasin
  2247 | D:3      | Killed a water moccasin
  2248 | D:3      | Reached skill level 2 in Polearms
  2248 | D:3      | Reached XP level 5. HP: 22/33 MP: 5/5
  2305 | D:3      | Found a glowing drain.
  2314 | Sewer    | Entered a sewer
  2413 | Sewer    | Reached XP level 6. HP: 35/38 MP: 6/6
  2504 | Sewer    | Reached skill level 1 in Dodging
  2563 | Sewer    | Reached skill level 3 in Polearms
  2630 | Sewer    | Reached skill level 5 in Armour
  2630 | Sewer    | Reached XP level 7. HP: 44/44 MP: 7/7
  3080 | Sewer    | Reached skill level 4 in Polearms
  3746 | D:4      | Reached skill level 5 in Polearms
  3746 | D:4      | Reached XP level 8. HP: 23/48 MP: 8/8
  3959 | D:4      | Reached skill level 5 in Fighting
  4030 | D:4      | Found a staircase to the Ecumenical Temple.
  4072 | Temple   | Entered the Ecumenical Temple
  4155 | Temple   | Became a worshipper of Yredelemnul the Dark
  4344 | D:5      | Entered Level 5 of the Dungeon
  4399 | D:5      | Reached skill level 6 in Polearms
  4755 | D:5      | Noticed Edmund
  4762 | D:5      | Killed Edmund
  4765 | D:5      | Reached * piety under Yredelemnul
  5699 | D:7      | Reached skill level 7 in Polearms
  5699 | D:7      | Reached XP level 9. HP: 42/54 MP: 9/9
  6013 | D:7      | Found Vuteaf's Weapon Emporium.
  6140 | D:7      | Reached ** piety under Yredelemnul
  6404 | D:7      | Reached skill level 5 in Shields
  6778 | D:8      | Noticed Maggie
  6793 | D:8      | Killed Maggie
  6833 | D:8      | Noticed Harold
  6835 | D:8      | Noticed Pikel
  6836 | D:8      | Noticed a two-headed ogre
  7200 | D:6      | Killed a two-headed ogre
  7201 | D:6      | Reached skill level 8 in Polearms
  7873 | D:7      | Killed Harold
  7874 | D:7      | Reached XP level 10. HP: 49/61 MP: 10/10
  7960 | D:7      | Killed Pikel
  8269 | D:8      | Reached skill level 9 in Polearms
  9151 | D:9      | Found a staircase to the Lair.
  9403 | D:9      | Reached *** piety under Yredelemnul
  9667 | D:9      | Reached XP level 11. HP: 31/67 MP: 8/11
  9669 | D:9      | Found a staircase to the Orcish Mines.
 10248 | D:2      | Bought the amulet "Pouveff" {Reflect *Slow rElec rN+ Str+2
                  | SH+5} for 561 gold pieces
 10386 | Orc:1    | Entered Level 1 of the Orcish Mines
 10386 | Orc:1    | Noticed an orc knight
 10399 | Orc:1    | Reached skill level 10 in Polearms
 10614 | D:9      | Slain by an ogre

Illustrated notes

Levels and vault maps discovered:
D:1:      minmay_arrival_five_plusses, layout_loops_corners,
          shapermc_ecumenical_altar_notcrosses
D:2:      layout_loops_ring, serial_shops, nicolae_shop_statue_plus,
          nicolae_shop_advertising_works [nicolae_subvault_shop_adworks],
          uniq_crazy_yiuf_cottage
D:3:      layout_rooms, portal_sewer_entry_b
D:4:      layout_rooms, minmay_temple_entry_sparse_star
D:5:      layout_rooms, uniq_edmund
D:6:      layout_loops_ring
D:7:      layout_rooms, serial_co_window_serial, co_window_paths_b,
          co_window_of_opportunity_a, co_window_paths_a, co_window_corner_a,
          co_window_of_opportunity_a, co_window_corner_b, co_window_2corner,
          co_window_corner_cb, glass_columns_a, nicolae_inconvenience_store,
          amcnicky_mini_corridor_feature
D:8:      layout_layer_cave, uniq_pikel, uniq_harold, uniq_maggie
D:9:      layout_small_grid, erik_lair_island, david_orc_5, serial_glass,
          glass_columns_a, glass_columns_a
Temple:   compressed_dpeg_circular_temple
Orc:1:    layout_caves

Skill      XL: |  1  2  3  4  5  6  7  8  9 10 11 |
---------------+----------------------------------+-----
Armour         | 4 5 6 8 |  8.6
Polearms       | 2 3 5 7 8 9 10 | 10.1
Fighting       | 4 5 6 7 |  7.5
Dodging        | 1 2 4 |  4.1
Shields        | 4 5 7 |  7.1
Maces & Flails | |  2.7
Invocations    | |  0.9
Evocations     | |  0.4

Action                   |  1- 3 |  4- 6 |  7- 9 | 10-12 || total
-------------------------+-------+-------+-------+-------++-------
Melee: Flail             |   114 |       |       |       ||   114
       Spear             |     2 |    67 |   333 |   226 ||   628
Invok: Recall Undead Har |       |       |     2 |       ||     2
Evoke: Wand              |       |       |     2 |       ||     2
  Use: Scroll            |     1 |     2 |     9 |     4 ||    16
       Potion            |       |     1 |     3 |       ||     4
 Stab: Distracted        |       |       |     1 |     2 ||     3
       Sleeping          |       |       |       |     1 ||     1
Armor: Scale mail        |    80 |    19 |    75 |       ||   174
       Steam dragon scal |       |       |    13 |    30 ||    43
       Plate armour      |       |       |       |    21 ||    21
Dodge: Dodged            |    55 |     9 |    86 |    70 ||   220
Block: Buckler           |    22 |    11 |    45 |    49 ||   127
